TOP OF THE 1ST |
---|
Philadelphia Athletics batting - Pitching for San Francisco Bandits : RHP Tim Murray | Pitching: RHP Tim Murray | | Batting: RHB César García | 0-0: Ball 1-0: Foul Ball, location: 2F 1-1: Ball 2-1: Foul Ball, location: 2F 2-2: Strikes out swinging | Batting: LHB Yasuhiko Onodera | 0-0: Called Strike 0-1: Fly out, F8 (Line Drive, 8LM) | Batting: SHB Martín De Jesús | 0-0: Ball 1-0: Called Strike 1-1: Ball 2-1: Swinging Strike 2-2: Strikes out looking | Top of the 1st over - 0 runs, 0 hits, 0 errors, 0 left on base; Philadelphia 0 - San Francisco 0 | BOTTOM OF THE 1ST |
---|
San Francisco Bandits batting - Pitching for Philadelphia Athletics : RHP Kijuro Shini | Pitching: RHP Kijuro Shini | | Batting: RHB Peter Bishop | 0-0: Ball 1-0: Called Strike 1-1: Foul Ball, location: 2F 1-2: Ball 2-2: Ground out 4-3 (Groundball, 4) | Batting: LHB Mario García | 0-0: Ground out 3-1 (Groundball, 34) | Batting: RHB Owen Carter | 0-0: Fly out, F8 (Flyball, 8RS) | Bottom of the 1st over - 0 runs, 0 hits, 0 errors, 0 left on base; Philadelphia 0 - San Francisco 0 | TOP OF THE 2ND |
---|
Philadelphia Athletics batting - Pitching for San Francisco Bandits : RHP Tim Murray | Batting: LHB Brian Boone | 0-0: Hit by Pitch | Batting: LHB Arturo Molina | 0-0: Ball 1-0: 2-RUN HOME RUN (Flyball, 9LD), Distance : 322 ft | Batting: RHB Anastasio Villa | 0-0: Swinging Strike 0-1: Swinging Strike 0-2: Strikes out swinging | Batting: SHB Héctor Padilla | 0-0: Foul Ball, location: 2F 0-1: Ball 1-1: Ball 2-1: Ground out 4-3 (Groundball, 4) | Batting: RHB Eric Neal | 0-0: Called Strike 0-1: SINGLE (Line Drive, 8LS) | Batting: RHB Ramón Díaz | 0-0: Called Strike 0-1: Foul Ball, location: 2F 0-2: Ball 1-2: Strikes out swinging | Top of the 2nd over - 2 runs, 2 hits, 0 errors, 1 left on base; Philadelphia 2 - San Francisco 0 | BOTTOM OF THE 2ND |
---|
San Francisco Bandits batting - Pitching for Philadelphia Athletics : RHP Kijuro Shini | Batting: LHB Chris Austin | 0-0: Called Strike 0-1: Ball 1-1: SINGLE (Line Drive, 8LM) | Batting: LHB Alan McGilroy | 0-0: Called Strike 0-1: Ball 1-1: Fielders Choice at 2nd, 3-6 (Groundball, 34) | Batting: RHB Dale Taylor | 0-0: Ball 1-0: Ball 2-0: Ball 3-0: Base on Balls Alan McGilroy to second | Batting: RHB Jaime Spiridon | 0-0: Ball 1-0: Swinging Strike 1-1: Grounds into double play, 6-4-3 (Groundball, 6) | Bottom of the 2nd over - 0 runs, 1 hit, 0 errors, 1 left on base; Philadelphia 2 - San Francisco 0 | TOP OF THE 3RD |
---|
Philadelphia Athletics batting - Pitching for San Francisco Bandits : RHP Tim Murray | Batting: RHB César García | 0-0: Ball 1-0: Ball 2-0: Called Strike 2-1: Called Strike 2-2: Ball 3-2: Fly out, F6 (Popup, 56) | Batting: LHB Yasuhiko Onodera | 0-0: Called Strike 0-1: Called Strike 0-2: Ball 1-2: Foul Ball, location: 2F 1-2: Ball 2-2: Ball 3-2: Base on Balls | Batting: SHB Martín De Jesús | 0-0: Called Strike 0-1: Foul Ball, location: 2F 0-2: SINGLE (Line Drive, 6MD) Yasuhiko Onodera to second | Batting: LHB Brian Boone | 0-0: Ball 1-0: 3-RUN HOME RUN (Line Drive, 78XD) (Inside the Park) | Batting: LHB Arturo Molina | 0-0: Fly out, F7 (Line Drive, 7) | Batting: RHB Anastasio Villa | 0-0: Ball 1-0: SOLO HOME RUN (Flyball, 7LD), Distance : 372 ft | Batting: SHB Héctor Padilla | 0-0: Ball 1-0: Called Strike 1-1: Called Strike 1-2: SINGLE (Flyball, 4MD) | Batting: RHB Eric Neal | 0-0: Called Strike Héctor Padilla steals 2nd base 0-1: Ball 1-1: SINGLE (Groundball, 56D) Héctor Padilla to third Runner from 3rd tries for Home, SAFE, no throw | Batting: RHB Ramón Díaz | 0-0: Ball 1-0: Called Strike 1-1: Called Strike 1-2: Ball 2-2: Strikes out swinging | Top of the 3rd over - 5 runs, 5 hits, 0 errors, 1 left on base; Philadelphia 7 - San Francisco 0 | BOTTOM OF THE 3RD |
---|
San Francisco Bandits batting - Pitching for Philadelphia Athletics : RHP Kijuro Shini | Batting: RHB Scott Merritt | 0-0: Called Strike 0-1: Ball 1-1: Swinging Strike 1-2: Ball 2-2: Foul Ball, location: 2F 2-2: Strikes out swinging | Batting: RHB Lorenzo Mota | 0-0: Called Strike 0-1: SINGLE (Line Drive, 7LS) | Batting: RHB Peter Bishop | 0-0: Ball 1-0: Called Strike 1-1: Ground out 5-3 (Groundball, 56S) Lorenzo Mota to second | Batting: LHB Mario García | 0-0: Called Strike 0-1: Swinging Strike 0-2: Strikes out looking | Bottom of the 3rd over - 0 runs, 1 hit, 0 errors, 1 left on base; Philadelphia 7 - San Francisco 0 | TOP OF THE 4TH |
---|
Philadelphia Athletics batting - Pitching for San Francisco Bandits : RHP Tim Murray | Batting: RHB César García | 0-0: Ball 1-0: Swinging Strike 1-1: Ground out 5-3 (Groundball, 56S) | Batting: LHB Yasuhiko Onodera | 0-0: Ground out U3 (Groundball, 3L) | Batting: SHB Martín De Jesús | 0-0: Ball 1-0: Called Strike 1-1: Foul Ball, location: 2F 1-2: Ball 2-2: Strikes out swinging | Top of the 4th over - 0 runs, 0 hits, 0 errors, 0 left on base; Philadelphia 7 - San Francisco 0 | BOTTOM OF THE 4TH |
---|
San Francisco Bandits batting - Pitching for Philadelphia Athletics : RHP Kijuro Shini | Batting: RHB Owen Carter | 0-0: Called Strike 0-1: Ball 1-1: Called Strike 1-2: Ground out 4-3 (Groundball, 4) | Batting: LHB Chris Austin | 0-0: Ball 1-0: Ball 2-0: Called Strike 2-1: Foul Ball, location: 2F 2-2: SOLO HOME RUN (Flyball, 9D), Distance : 378 ft | Batting: LHB Alan McGilroy | 0-0: Foul Ball, location: 2F 0-1: SINGLE (Flyball, 9S) - OUT at second base trying to stretch hit. | Batting: RHB Dale Taylor | 0-0: Foul Ball, location: 2F 0-1: Ball 1-1: SINGLE (Line Drive, 78S) | Batting: RHB Jaime Spiridon | 0-0: Called Strike 0-1: Ball 1-1: Ball 2-1: Fly out, F8 (Flyball, 8LM) | Bottom of the 4th over - 1 run, 3 hits, 0 errors, 1 left on base; Philadelphia 7 - San Francisco 1 | TOP OF THE 5TH |
---|
Philadelphia Athletics batting - Pitching for San Francisco Bandits : RHP Tim Murray | Batting: LHB Brian Boone | 0-0: Called Strike 0-1: SINGLE (Flyball, 89M) | Batting: LHB Arturo Molina | 0-0: Fly out, F8 (Flyball, 8RM) | Batting: RHB Anastasio Villa | 0-0: Called Strike Brian Boone steals 2nd base 0-1: Ball Throwing error on steal attempt, E2 Brian Boone scores 1-1: Fly out, F9 (Flyball, 89S) | Batting: SHB Héctor Padilla | 0-0: Ball 1-0: Fly out, F3 (Popup, 3F) | Top of the 5th over - 1 run, 1 hit, 1 error, 0 left on base; Philadelphia 8 - San Francisco 1 | BOTTOM OF THE 5TH |
---|
San Francisco Bandits batting - Pitching for Philadelphia Athletics : RHP Kijuro Shini | Batting: RHB Scott Merritt | 0-0: Called Strike 0-1: Swinging Strike 0-2: Ball 1-2: Ball 2-2: Hit by Pitch | Batting: RHB Lorenzo Mota | 0-0: Foul Ball, location: 2F 0-1: Swinging Strike 0-2: Strikes out looking | Batting: RHB Peter Bishop | 0-0: Called Strike 0-1: Ball 1-1: Grounds into double play, 5-4-3 (Groundball, 56) | Bottom of the 5th over - 0 runs, 0 hits, 0 errors, 0 left on base; Philadelphia 8 - San Francisco 1 | TOP OF THE 6TH |
---|
Philadelphia Athletics batting - Pitching for San Francisco Bandits : RHP Tim Murray | Batting: RHB Eric Neal | 0-0: Ball 1-0: Called Strike 1-1: Fly out, F8 (Flyball, 8RM) | Batting: RHB Ramón Díaz | 0-0: Called Strike 0-1: Ball 1-1: Ball 2-1: Foul Ball, location: 2F 2-2: Fly out, F2 (Popup, 23F) | Batting: RHB César García | 0-0: Ball 1-0: SINGLE (Line Drive, 4D) | Pitching: RHP Miguel García | | Batting: LHB Yasuhiko Onodera | 0-0: Called Strike 0-1: Ball 1-1: Fly out, F7 (Flyball, 7S) | Top of the 6th over - 0 runs, 1 hit, 0 errors, 1 left on base; Philadelphia 8 - San Francisco 1 | BOTTOM OF THE 6TH |
---|
San Francisco Bandits batting - Pitching for Philadelphia Athletics : RHP Kijuro Shini | Batting: LHB Mario García | 0-0: Ball 1-0: Ball 2-0: Ball 3-0: Foul Ball, location: 2F 3-1: Base on Balls | Batting: RHB Owen Carter | 0-0: Ball 1-0: Swinging Strike 1-1: Ball 2-1: Foul Ball, location: 2F 2-2: DOUBLE (Flyball, 8RD) Mario García to third | Batting: LHB Chris Austin | 0-0: Called Strike 0-1: 3-RUN HOME RUN (Flyball, 9D), Distance : 389 ft | Batting: LHB Alan McGilroy | 0-0: Ball 1-0: Ball 2-0: SINGLE (Flyball, 89S) | Batting: RHB Dale Taylor | 0-0: Foul Ball, location: 2F 0-1: Fly out, F7 (Flyball, 78M) | Batting: RHB Jaime Spiridon | 0-0: Ball 1-0: Ball 2-0: SINGLE (Groundball, 6MD) Alan McGilroy to second | Batting: RHB Scott Merritt | 0-0: DOUBLE (Flyball, 9LD) Alan McGilroy scores Jaime Spiridon to third | Pitching: LHP Dave Huot | | Batting: RHB Lorenzo Mota | 0-0: Foul Ball, location: 2F 0-1: Ground out 6-3 (Groundball, 6) Jaime Spiridon scores Scott Merritt to third | Batting: RHB Peter Bishop | 0-0: Foul Ball, location: 2F 0-1: Ball 1-1: Fly out, F9 (Flyball, 89M) | Bottom of the 6th over - 5 runs, 5 hits, 0 errors, 1 left on base; Philadelphia 8 - San Francisco 6 | TOP OF THE 7TH |
---|
Philadelphia Athletics batting - Pitching for San Francisco Bandits : RHP Miguel García | Batting: SHB Martín De Jesús | 0-0: Called Strike 0-1: Ball 1-1: Called Strike 1-2: Strikes out swinging | Batting: LHB Brian Boone | 0-0: Foul Ball, location: 2F 0-1: Foul Ball, location: 2F 0-2: Strikes out swinging | Batting: LHB Arturo Molina | 0-0: Ball 1-0: Called Strike 1-1: SOLO HOME RUN (Flyball, 9D), Distance : 381 ft | Batting: RHB Anastasio Villa | 0-0: Called Strike 0-1: Ball 1-1: Foul Ball, location: 2F 1-2: Foul Ball, location: 2F 1-2: Ball 2-2: Foul Ball, location: 2F 2-2: Ball 3-2: Base on Balls | Batting: SHB Héctor Padilla | 0-0: Foul Ball, location: 2F 0-1: Fly out, F7 (Flyball, 7) | Top of the 7th over - 1 run, 1 hit, 0 errors, 1 left on base; Philadelphia 9 - San Francisco 6 | BOTTOM OF THE 7TH |
---|
San Francisco Bandits batting - Pitching for Philadelphia Athletics : LHP Dave Huot | Batting: LHB Mario García | 0-0: Called Strike 0-1: Ball 1-1: Ball 2-1: Foul Ball, location: 2F 2-2: Fly out, F7 (Flyball, 7S) | Batting: RHB Owen Carter | 0-0: Called Strike 0-1: Ball 1-1: Ball 2-1: Ball 3-1: Foul Ball, location: 2F 3-2: TRIPLE (Flyball, 89XD) | Batting: LHB Chris Austin | 0-0: Ball 1-0: Called Strike 1-1: Ball 2-1: Ball 3-1: Base on Balls | Batting: LHB Alan McGilroy | 0-0: Called Strike 0-1: Called Strike 0-2: Foul Ball, location: 2F 0-2: Strikes out swinging | Batting: RHB Dale Taylor | 0-0: Called Strike 0-1: Swinging Strike 0-2: Strikes out swinging | Bottom of the 7th over - 0 runs, 1 hit, 0 errors, 2 left on base; Philadelphia 9 - San Francisco 6 | TOP OF THE 8TH |
---|
Philadelphia Athletics batting - Pitching for San Francisco Bandits : RHP Miguel García | Batting: RHB Eric Neal | 0-0: Ball 1-0: SINGLE (Line Drive, 6D) | Batting: RHB Ramón Díaz | 0-0: Ball 1-0: Ball 2-0: Called Strike 2-1: Ball 3-1: Foul Ball, location: 2F 3-2: SINGLE (Groundball, 56D) Eric Neal to second Eric Neal to third | Batting: RHB César García | 0-0: Called Strike 0-1: Ball 1-1: Ball 2-1: Ground out 4-3 (Groundball, 4S) Ramón Díaz to second | Batting: LHB Yasuhiko Onodera | 0-0: Called Strike 0-1: Ground out 4-3 (Groundball, 4S) | Batting: SHB Martín De Jesús | 0-0: 3-RUN HOME RUN (Flyball, 78XD), Distance : 387 ft | Batting: LHB Brian Boone | 0-0: Called Strike 0-1: Foul Ball, location: 2F 0-2: Ball 1-2: Ball 2-2: Strikes out swinging | Top of the 8th over - 3 runs, 3 hits, 0 errors, 0 left on base; Philadelphia 12 - San Francisco 6 | BOTTOM OF THE 8TH |
---|
San Francisco Bandits batting - Pitching for Philadelphia Athletics : LHP Dave Huot | Batting: RHB Jaime Spiridon | 0-0: Ball 1-0: Fly out, F8 (Flyball, 8RD) | Batting: RHB Scott Merritt | 0-0: Ball 1-0: Ball 2-0: Called Strike 2-1: Ball 3-1: Fly out, F7 (Line Drive, 78XD) | Batting: RHB Lorenzo Mota | 0-0: Ball 1-0: SINGLE (Groundball, 56D) | Batting: RHB Peter Bishop | 0-0: Swinging Strike 0-1: Ball 1-1: SINGLE (Groundball, 4MD) Lorenzo Mota to second Runner from 2nd tries for 3rd, SAFE, no throw | Batting: LHB Mario García | 0-0: Called Strike 0-1: Swinging Strike 0-2: Ball 1-2: Strikes out swinging | Bottom of the 8th over - 0 runs, 2 hits, 0 errors, 2 left on base; Philadelphia 12 - San Francisco 6 | TOP OF THE 9TH |
---|
Philadelphia Athletics batting - Pitching for San Francisco Bandits : RHP Miguel García | Batting: LHB Arturo Molina | 0-0: Ball 1-0: Foul Ball, location: 2F 1-1: Ball 2-1: Ball 3-1: Base on Balls | Pitching: RHP Mitsunari Taguchi | | Batting: RHB Anastasio Villa | 0-0: Called Strike 0-1: Ball 1-1: Ball 2-1: Foul Ball, location: 2F 2-2: Ball 3-2: Fly out, F8 (Flyball, 8LS) | Batting: SHB Héctor Padilla | 0-0: Fielders Choice at 2nd, 3-6 (Groundball, 34) | Batting: RHB Eric Neal | 0-0: Fly out, F8 (Flyball, 8LM) | Top of the 9th over - 0 runs, 0 hits, 0 errors, 1 left on base; Philadelphia 12 - San Francisco 6 | BOTTOM OF THE 9TH |
---|
San Francisco Bandits batting - Pitching for Philadelphia Athletics : LHP Dave Huot | Batting: RHB Owen Carter | 0-0: Ball 1-0: Ground out 6-3 (Groundball, 6D) | Batting: LHB Chris Austin | 0-0: Ball 1-0: Foul Ball, location: 2F 1-1: Ball 2-1: Ball 3-1: Swinging Strike 3-2: Base on Balls | Batting: LHB Alan McGilroy | 0-0: Called Strike 0-1: Ball 1-1: Foul Ball, location: 2F 1-2: Ground out 2-3 (Groundball, 15S) Chris Austin to second | Batting: RHB Dale Taylor | 0-0: Foul Ball, location: 2F 0-1: Ball 1-1: Ball 2-1: Fly out, F8 (Flyball, 89XD) | Bottom of the 9th over - 0 runs, 0 hits, 0 errors, 1 left on base; Philadelphia 12 - San Francisco 6 | |